woodfighter, neutral female human Archeologist ----------.----- | |.........(a...| |......$..... ........[a.a@..| | |..........a.... ---------------- woodfighter the Investigator Experience level: 6 Strength: 17 Dexterity: 7 Constitution: 9 Intelligence: 18 Wisdom: 18 Charisma: 9 Health: 0(46) Energy: 36(36) Def: 1 Gold: 0 Moves: 2563 Dungeon seed: Y5mEelIRgzT8lEQM Game ID: woodfighter_1560637178 Your Inventory: Weapons C - 3 +0 daggers (in quiver) Armor e - an uncursed +0 leather jacket (being worn) n - an uncursed +0 fedora (being worn) Comestibles b - 6 uncursed food rations Tools a - a +0 pick-axe (weapon in hand) h - an uncursed oil lamp (0:1030) s - an uncursed sack y - an uncursed skeleton key Gems Q - an uncursed touchstone Contents of the sack: 900 gold pieces a [uncursed] [+0] orcish helm a [uncursed] eucalyptus leaf 2 [uncursed] sprigs of wolfsbane 2 [uncursed] scrolls of confuse monster a [uncursed] scroll of enchant weapon a [uncursed] scroll of remove curse a [uncursed] scroll of scare monster a [uncursed] scroll of teleportation a [uncursed] potion of fruit juice a wand of light (0:14) Spells and supernatural/magical abilities: Name Level Category Fail Memory W - pray for help -- divine ? -- Your skills at the end: Miscellaneous Skills wands [Basic] Weapon Skills pick-axe [Basic] whip [Basic] Spellcasting Skills Final Attributes: You were devoutly aligned. You were telepathic. You were very stealthy. You were fast. You were lucky. You are dead. Vanquished creatures: a large mimic a leather golem an ape a yellow light an orc shaman 2 rock piercers a shrieker a gnome lord 2 floating eyes 3 iguanas 2 jitterbugs a wererat 4 killer bees a large kobold 3 geckos a giant rat a brown mold a red mold 4 gnomes 4 jackals 2 foxes 2 kobolds 10 newts 3 goblins a sewer rat 5 grid bugs 2 lichens 2 kobold zombies 63 creatures vanquished. Voluntary challenges: You did not adorn yourself with jewelry or accessories. You did not cause conflict. You were not invisible. You did not have reflection. You were not displaced. You were an atheist. You used a wielded weapon 137 times, starting on turn 2. You did not apply a unicorn horn. You did not use plumbed fixtures. You did not drink any magical draughts. You read items or engraved 2 times, starting on turn 1395. You never genocided any monsters. You never polymorphed an object. You never changed form. You used no wishes. You never split a pudding. You never wrote Elbereth's name. You never violated your personal moral code. Dungeon overview: The Dungeons of Doom: levels 1 to 8 Level 1 (vault) a fountain a long staircase Level 2 a jewelry store Level 3 a weapon shop, a fountain Level 4 a fountain stairs to The Gnomish Mines Level 5 (water) a general store, a fountain Level 6 (stash) some fountains Level 7 (unicorn) some fountains, a sink Level 8 <- You were here The Gnomish Mines: Level 5 stairs to The Dungeons of Doom History has recorded: On T:1 you entered the Dungeons of Doom to retrieve the Amulet of Yendor! On T:137 you reached level 2 of The Dungeons of Doom. On T:232 you reached level 3 of The Dungeons of Doom. On T:410 you advanced to experience level 2. On T:644 you reached level 4 of The Dungeons of Doom. On T:691 you advanced to experience level 3. On T:736 you reached level 5 of The Dungeons of Doom. On T:802 you reached level 1 of The Gnomish Mines. On T:895 you reached level 6 of The Dungeons of Doom. On T:987 you advanced to experience level 4. On T:1033 you advanced to experience level 5. On T:1325 you reached level 7 of The Dungeons of Doom. On T:1416 you advanced to experience level 6. On T:1534 you reached level 8 of The Dungeons of Doom. Score breakdown: Gold: 900 ( 90 points) Experience: 6 levels ( 500 points) Exploration: 8 levels ( 210 points) Discoveries: 9 items ( 450 points) Variety of kills: 28 monsters ( 1400 points) Major goal: (nothing yet) ( 0 points) Survival: died (score multiplied by 3) Total score: 7950 Latest messages: The soldier ant bites! The soldier ant stings! The soldier ant bites! The soldier ant stings! The soldier ant's sting was poisoned! You named this level: unicorn. You hear bubbling water. You hear water falling on coins. You finish searching. You feel tough! You must be leading a healthy life-style. You finish searching. You hear the splashing of a naiad. You finish searching. (2x) Never mind. The soldier ant bites! The soldier ant stings! The soldier ant bites! The soldier ant stings! You drop a scroll labeled VERR YED HORRE. The soldier ant bites! The soldier ant stings! The soldier ant bites! The soldier ant stings! You die... Final status: Goodbye woodfighter the Archeologist, killed by a soldier ant... You died in The Dungeons of Doom on dungeon level 8 with 7950 points, and 900 pieces of gold, after 2563 moves. You were level 6 with a maximum of 46 hit points when you died.